 Dungeon Crawl Stone Soup version 0.30.1-11-g7821555f0a (webtiles) character file.

Game seed: 17707292432606710978

345 PurpleCat the Trooper (level 6, -1/56 HPs)
             Began as a Minotaur Fighter on Nov 9, 2023.
             Slain by an endoplasm (3 damage)
             ... on level 4 of the Dungeon.
             The game lasted 00:12:42 (2405 turns).

PurpleCat the Trooper (Minotaur Fighter)            Turns: 2405, Time: 00:12:43

Health: -1/56      AC:  9    Str: 28    XL:     6   Next: 32%
Magic:  5/5        EV:  8    Int:  5    God:
Gold:   172        SH: 10    Dex: 16    Spells: 5/5 levels left

rFire   . . .        a - +2 war axe (flame)
rCold   . . .        c - +0 buckler
rNeg    . . .        i - +0 chain mail
rPois   .            (helmet restricted)
rElec   .            (no cloak)
rCorr   .            (no gloves)
SInv    .            (no boots)
Will    .....        p - amulet of reflection Stlth
                     b - +6 ring of strength
HPRegen 0.29/turn    n - +6 ring of dexterity
MPRegen 0.09/turn

%: reflection
@: no status effects
A: horns 2, retaliatory headbutt
a: no special abilities


You were on level 4 of the Dungeon.
You visited 1 branch of the dungeon, and saw 4 of its levels.

You collected 172 gold pieces.

Inventory:

Hand Weapons
 a - a +2 war axe of flaming (weapon)
Missiles
 h - 41 stones (quivered)
Armour
 c - a +0 buckler (worn)
 i - a +0 chain mail (worn)
Jewellery
 b - a +6 ring of strength (left hand)
 n - a +6 ring of dexterity (right hand)
 p - an amulet of reflection (around neck)
 t - a ring of resist corrosion
Scrolls
 e - 8 scrolls of teleportation
 g - 2 scrolls of immolation {unknown}
 j - a scroll of vulnerability {unknown}
 k - a scroll of magic mapping {unknown}
 l - a scroll of identify {unknown}
 o - a scroll of acquirement {unknown}
 r - a scroll of torment {unknown}
Potions
 d - 2 potions of might
 f - 2 potions of berserk rage {unknown}
 m - 2 potions of degeneration {unknown}
 q - a potion of curing {unknown}
 s - a potion of heal wounds {unknown}


   Skills:
 + Level 5.3 Fighting
 + Level 4.4 Axes
 + Level 5.3 Armour
 + Level 5.3 Shields


You had 5 spell levels left.
You didn't know any spells.
Your spell library was empty.

Dungeon Overview and Level Annotations

Branches:
Dungeon (4/15)
 Temple: D:4-7

Altars:

Shops:
D:2 [(


Innate Abilities, Weirdness & Mutations

You have a pair of horns on your head.
You reflexively headbutt those who attack you in melee.


Message History

The puff of flame hits something!!
Reactivating autopickup.
You feel a bit more experienced.
You hit the endoplasm. You burn the endoplasm.
The endoplasm is almost dead.
You slash the goblin! You burn the goblin.
You kill the goblin!
The endoplasm freezes you.
You are frozen.
Blork the orc zaps a wand.
The puff of flame hits you. You block the endoplasm's attack.
There are monsters nearby!
Blork the orc zaps a wand.
The puff of flame hits you.
* * * LOW HITPOINT WARNING * * *
Blork the orc attacks as you move away!
Blork the orc hits you but does no damage.
Blork the orc points at you and mumbles some strange words.
The magic dart hits you.
* * * LOW HITPOINT WARNING * * *
You block the endoplasm's attack. The endoplasm attacks as you move away!
You block the endoplasm's attack. Blork the orc casts a spell at you.
The puff of frost misses you.
Blork the orc gestures at you while chanting.
The magic dart hits you.
* * * LOW HITPOINT WARNING * * *
There is an open door here.
You slash the endoplasm! You burn the endoplasm.
You kill the endoplasm!
There's a creature in the doorway!
You slash Blork the orc! You burn Blork the orc.
Blork the orc is heavily wounded.
Blork the orc hits you with a +1 heavy hand axe.
* * * LOW HITPOINT WARNING * * *
You hit Blork the orc. You burn Blork the orc.
Blork the orc is heavily wounded.
You block Blork the orc's attack.
You slash Blork the orc! You burn Blork the orc.
You kill Blork the orc!
The endoplasm hits you.
You die...

.. ..$.....
#...................
### ........#...
........########
.......#..#
#####...........
......)))#
##################
#..###....[.....# #
##..##..........# #
##o##..........#
#####
#.g#..........#
#....
##.J@...))....#
#.### ###.....)....#
#.# #..........###.#
##..........##.###
#.........)##.#..
#...........#...#
#...........#†###
#...........)>#
#..........####


You could see an orc, an endoplasm and a hobgoblin.

Vanquished Creatures
  Blork the orc (D:4)
  An orc priest (D:4)
  An orc wizard (D:3)
  Robin (D:4)
  6 adders
  10 gnolls
  3 worms
  A dart slug (D:4)
  9 orcs
  8 endoplasms
  3 giant cockroaches
  11 goblins
  10 hobgoblins
  6 jackals
  3 quokkas
  6 ball pythons
  6 bats
  7 frilled lizards
  7 kobolds
  4 rats
104 creatures vanquished.

Vanquished Creatures (others)
  An orc wizard (D:4)
1 creature vanquished.

Grand Total: 105 creatures vanquished

Notes
Turn   | Place    | Note
-------+----------+-------------------------------------------
     0 | D:1      | PurpleCat the Minotaur Fighter began the quest for the Orb.
     0 | D:1      | Reached XP level 1. HP: 19/19 MP: 0/0
   160 | D:1      | Reached XP level 2. HP: 27/27 MP: 1/1
   310 | D:1      | Reached XP level 3. HP: 33/33 MP: 2/2
   441 | D:2      | Found Jucyczy's Weapon Shoppe.
   599 | D:2      | Reached XP level 4. HP: 41/41 MP: 3/3
   918 | D:2      | Found Oschouli's Antique Armour Shoppe.
  1018 | D:2      | Reached XP level 5. HP: 26/47 MP: 4/4
  1552 | D:3      | Reached skill level 5 in Shields
  1672 | D:3      | Reached skill level 5 in Fighting
  2155 | D:4      | Reached skill level 5 in Armour
  2198 | D:4      | Noticed Robin
  2210 | D:4      | Killed Robin
  2276 | D:4      | Reached XP level 6. HP: 56/56 MP: 5/5
  2385 | D:4      | Noticed Blork the orc
  2403 | D:4      | HP: 1/56 [Blork the orc/+1 heavy hand axe (6)]
  2405 | D:4      | Killed Blork the orc
  2405 | D:4      | Slain by an endoplasm

Illustrated notes

Levels and vault maps discovered:
D:1:      nzn_arrival_depleted_hourglass, layout_basic
D:2:      layout_rooms, serial_shops, nicolae_shop_pleasant_corner_grove,
          nicolae_shop_bloodbath_and_beyond, serial_park_tiny_1,
          guppyfry_early_orc_mine
D:3:      layout_basic, roderic_roman_lattice
D:4:      layout_basic, corexii_checkpoint_a, chequers_serial_rivers_small_b,
          minmay_manual_moon, uniq_blork_the_orc, uniq_natasha, uniq_robin

Skill      XL: |  1  2  3  4  5 |
---------------+----------------+-----
Fighting       | 4 5 |  5.3
Armour         | 4 5 |  5.3
Shields        | 4 5 |  5.3
Axes           | 3 4 |  4.4

Action                     |  1- 3 |  4- 6 || total
---------------------------+-------+-------++-------
  Melee: War axe           |    61 |   159 ||   220
         Headbutt          |     4 |    13 ||    17
    Use: Scroll            |       |     1 ||     1
 Armour: Scale mail        |    41 |     8 ||    49
         Chain mail        |       |    54 ||    54
  Dodge: Dodged            |    37 |    50 ||    87
  Block: Buckler           |    15 |    43 ||    58
         Reflection        |       |     6 ||     6
